AoeStats
← amacandcheese

Arabia

509735600Analyzed
1v1 RM · 6d ago on Sep 27, 2026· 38m 0s· 2 players
Game mode
Random Map
Map size
Tiny (2 player)
Population
200
Speed
Normal
Resources
Standard
Victory
Conquest
Starting age
Dark Age
Ending age
Imperial Age
RankedLock teamsTeams togetherTeam positionsShared explorationLock speedFull tech treeHidden civsTurbo modeCheats
Victory
Defeat
🇺🇸 Saracens · United States
1218
+17
🇧🇷 Hindustanis · Brazil
1241
-17
amacandcheese
7:06 Loom
9:32 Feudal Age
10:05 Double-Bit Axe
11:50 Town Watch
15:50 Wheelbarrow
22:12 Fletching
22:56 Padded Archer Armor
25:09 Castle Age
24:42 Gold Mining
25:48 Crossbowman
27:25 Bodkin Arrow
29:44 Gold Shaft Mining
29:29 Bow Saw
28:51 Elite Skirmisher
31:38 Ballistics
32:00 Horse Collar
34:37 Leather Archer Armor
34:56 Thumb Ring
d1GaO
6:30 Loom
8:52 Feudal Age
9:52 Double-Bit Axe
11:48 Horse Collar
19:06 Castle Age
17:01 Gold Mining
17:31 Padded Archer Armor
18:22 Fletching
20:02 Bodkin Arrow
20:23 Leather Archer Armor
20:00 Crossbowman
25:59 Wheelbarrow
32:11 Gold Shaft Mining
Connection lost

Rejoining the realm…

Still unreachable

The connection could not be restored.

Session expired

The server has moved on; the page needs a fresh start.